 Dungeon Crawl Stone Soup version 0.32-a0-675-gdc239d62e1 (webtiles) character file.

Game seed: 4496163060067429256

86 Querens the Shield-Bearer (level 4, -3/40 HPs)
             Began as a Mountain Dwarf Fighter on Mar 11, 2024.
             Succumbed to Duvessa's poison
             ... on level 4 of the Dungeon.
             The game lasted 00:04:41 (1486 turns).

Querens the Shield-Bearer (Mountain Dwarf Fighter)  Turns: 1486, Time: 00:04:41

Health: -3/40      AC:  7    Str: 20    XL:     4   Next: 27%
Magic:  4/4        EV:  9    Int:  9    God:
Gold:   209        SH:  4    Dex:  9    Spells: 3/3 levels left

rFire   . . .        a - +0 war axe
rCold   . . .        c - +0 buckler
rNeg    . . .        b - +0 scale mail
rPois   .            (no helmet)
rElec   .            (no cloak)
rCorr   .            (no gloves)
SInv    .            (no boots)
Will    +....        (no amulet) Stlth
                     (no ring)
HPRegen 0.26/turn    (no ring)
MPRegen 0.09/turn

%: no passive effects
@: lethally poisoned (-3 -> -18), enlightened, flying
A: runic magic, artefact enchanting
a: no special abilities


You were on level 4 of the Dungeon.
You visited 1 branch of the dungeon, and saw 4 of its levels.

You collected 209 gold pieces.

Inventory:

Hand Weapons
 a - a +0 war axe (weapon)
Missiles
 l - 5 curare-tipped darts (quivered)
 m - 2 throwing nets
Armour
 b - a +0 scale mail (worn)
 c - a +0 buckler (worn)
Jewellery
 k - a ring of see invisible
Scrolls
 e - a scroll of amnesia {unknown}
 h - 2 scrolls of teleportation {unknown}
 j - a scroll of noise {unknown}
Potions
 d - 2 potions of might
 f - a potion of enlightenment
 g - a potion of cancellation {unknown}
 i - a potion of curing {unknown}


   Skills:
 + Level 4.0 Fighting
 + Level 3.4 Axes
 + Level 4.0 Armour
 + Level 4.0 Shields


You had 3 spell levels left.
You didn't know any spells.
Your spell library was empty.

Dungeon Overview and Level Annotations

Branches:
Dungeon (4/15)
 Temple: D:4-7

Altars:

Annotations:
D:4 Dowan, Duvessa


Innate Abilities, Weirdness & Mutations

Your spellcasting is much less encumbered by armour.
You can use scrolls of enchantment on lesser artefacts.


Message History

Dowan's robes are whipped around by a magical breeze.
Dowan hits you with a +0 dagger.
Unknown command.
You closely miss Duvessa.
Duvessa is lightly wounded.
You slash the hound! You barely miss Dowan.
You feel very sick. You block the hound's attack. x2
Duvessa hits you with a +3 short sword of venom.
Dowan hits you with a +0 dagger.
Unknown command.
Unknown command.
You barely miss Duvessa.
Duvessa is lightly wounded.
You barely miss Dowan. You miss the hound.
You feel sick. The hound barely misses you. Dowan hits you but does no damage.
Duvessa hits you with a +3 short sword of venom.
The hound barely misses you.
Unknown command.
Unknown command.
Unknown command.
You slash Duvessa!
Duvessa is moderately wounded.
You slash Dowan! You hit the hound.
You feel sick. The hound bites you. Dowan barely misses you.
Duvessa hits you with a +3 short sword of venom!
* * * LOW HITPOINT WARNING * * *
You are lethally poisoned!
The hound bites you.
* * * LOW HITPOINT WARNING * * *
You block Duvessa's attack.
Dowan says, "Magic and the sword, together, will defeat you."
Dowan gestures at you while chanting. The puff of frost hits you!
* * * LOW HITPOINT WARNING * * *
Unknown command.
It was a potion of enlightenment.
You feel very buoyant.
You fly up into the air.
You die...

#
#.########
#........#
#........#
#....e@..#
#....eh.##
#######.#
#.# ###.#
##...#
♣P.#...#
♣P.###.#
##†..#.#


You could see Duvessa, Dowan and a hound.

Vanquished Creatures
  2 adders
  2 dart slugs
  3 orcs (D:3)
  An endoplasm (D:3)
  2 giant cockroaches
  6 goblins
  4 hobgoblins
  5 jackals
  4 kobolds
  6 quokkas
  9 ball pythons
  8 bats
  3 frilled lizards
  2 rats
57 creatures vanquished.

Notes
Turn   | Place    | Note
-------+----------+-------------------------------------------
     0 | D:1      | Querens the Mountain Dwarf Fighter began the quest for the
                  | Orb.
     0 | D:1      | Reached XP level 1. HP: 19/19 MP: 1/1
   160 | D:1      | Reached XP level 2. HP: 22/26 MP: 2/2
   647 | D:2      | Reached XP level 3. HP: 33/33 MP: 3/3
  1200 | D:3      | Reached XP level 4. HP: 7/40 MP: 4/4
  1436 | D:3      | Found a faded altar of an unknown god.
  1479 | D:4      | Noticed Duvessa
  1479 | D:4      | Noticed Dowan
  1485 | D:4      | HP: 1/40 [Dowan/puff of frost (8)]
  1486 | D:4      | Succumbed to Duvessa's poison

Illustrated notes

Levels and vault maps discovered:
D:1:      matt_arrival_refuge, layout_basic
D:2:      layout_basic
D:3:      layout_rooms, shapermc_ecumenical_altar_pompeii
D:4:      kennysheep_kobold_camp, layout_basic, uniq_duvessa

Skill      XL: |  1  2  3  4 |
---------------+-------------+-----
Axes           | 3 |  3.4
Fighting       | 4 |  4.0
Shields        | 4 |  4.0
Armour         | 4 |  4.0

Action                     |  1- 3 |  4- 6 || total
---------------------------+-------+-------++-------
  Melee: War axe           |   141 |    39 ||   180
    Use: Potion            |       |     1 ||     1
 Armour: Scale mail        |   164 |    35 ||   199
  Dodge: Dodged            |    79 |    26 ||   105
  Block: Buckler           |    48 |    18 ||    66

Table legend: (Time is in decaauts)
 A = Elapsed time spent in this place.
 B = Non-inter-level travel time spent in this place.
 C = Inter-level travel time spent in this place.
 D = Time resting spent in this place.
 E = Time spent auto-exploring this place.
 F = Levels seen in this place.
 G = Mean time per level.
                   A        B        C        D        E       F      G
               +--------+--------+--------+--------+--------+-----+--------+
         Total |   1554 |   1476 |     78 |      6 |      0 |   4 |  388.5 |
       Dungeon |   1554 |   1476 |     78 |      6 |      0 |   4 |  388.5 |
               +--------+--------+--------+--------+--------+-----+--------+

Top non-repeatable levels by time:
     D:2: 636 daAuts
     D:1: 511 daAuts
     D:3: 388 daAuts
     D:4: 17 daAuts
